 Dungeon Crawl Stone Soup version 0.22-a0-614-g34fbaa0 (webtiles) character file.

154 Dietz the Insei (level 5, -1/40 HPs)
             Began as a Draconian Transmuter on July 15, 2018.
             Slain by Crazy Yiuf
             ... wielding a +4 quarterstaff of chaos
              (3 damage)
             ... on level 2 of the Dungeon.
             The game lasted 00:03:46 (1590 turns).

Dietz the Insei (Draconian Transmuter)              Turns: 1590, Time: 00:03:47

Health: -1/40      AC:  5    Str: 12    XL:     5   Next: 13%
Magic:  0/8        EV: 12    Int: 14    God:
Gold:   85         SH:  0    Dex: 12    Spells: 7/8 levels left

rFire    . . .     SeeInvis .     - Unarmed
rCold    . . .     Gourm    .   (no shield)
rNeg     . . .     Faith    .   (armour unavailable)
rPois    .         Spirit   .   (helmet restricted)
rElec    .         Reflect  .   (no cloak)
rCorr    .         Harm     .   (no gloves)
MR       .....                  (no boots)
Stlth    +.........             (no amulet)
HPRegen  0.13/turn              (no ring)
MPRegen  0.11/turn              (no ring)

@: lethally poisoned (-1 -> -12), appendage
A: unfitting armour, horns 2, cold-blooded, AC +5
a: End Transformation


You were on level 2 of the Dungeon.
You were very hungry.
You had grown temporary horns.
You visited 1 branch of the dungeon, and saw 2 of its levels.

You collected 85 gold pieces.

Inventory:

Hand Weapons
 h - a +4 short sword
Missiles
 a - 12 arrows
 i - 24 poisoned needles
 j - 39 stones (quivered)
Magical Staves
 q - an uncursed staff of energy {unknown}
Jewellery
 e - an uncursed ring of flight {unknown}
Scrolls
 g - a scroll of random uselessness {unknown}
 l - a scroll of blinking {unknown}
 m - a scroll of teleportation {unknown}
 n - a scroll of fog {unknown}
 o - a scroll of identify {unknown}
 r - a scroll of fear {unknown}
Potions
 b - a potion of flight {unknown}
 d - 2 potions of might {unknown}
 f - 2 potions of agility {unknown}
 k - 2 potions of haste {unknown}
 p - 2 potions of curing {unknown}
Comestibles
 c - 8 rations


   Skills:
 - Level 1.1 Fighting
 - Level 1.7 Dodging
 + Level 4.6 Unarmed Combat
 - Level 2.0 Spellcasting
 * Level 4.0 Transmutations


You had 7 spell levels left.
You knew the following spells:

 Your Spells              Type           Power        Failure   Level  Hunger
a - Beastly Appendage     Tmut           ##....       4%          1    ##.....

Your spell library contained the following spells:

 Spells                   Type           Power        Failure   Level  Hunger
 Spider Form              Tmut/Pois      #.........   30%         3    ####...
 Blade Hands              Tmut           ##........   77%         5    ######.
 Ice Form                 Ice/Tmut       #.......     71%         4    #####..
 Sticks to Snakes         Tmut           ##......     7%          2    ###....


Dungeon Overview and Level Annotations

Branches:
Dungeon (2/15)

Altars:
Ashenzari
Gozag

Annotations:
D:2 Crazy Yiuf


Innate Abilities, Weirdness & Mutations

Your plain brown scales are hard. (AC +5)
You cannot fit into any form of body armour.
You are cold-blooded and may be slowed by cold attacks.
You have a pair of horns on your head.


Message History

You hit Crazy Yiuf.
Crazy Yiuf is lightly wounded.
Crazy Yiuf hits you with a quarterstaff of chaos!
You feel yourself slow down. Crazy Yiuf freezes you.
You hit Crazy Yiuf but do no damage. Crazy Yiuf closely misses you.
Crazy Yiuf barely misses you.
You hit Crazy Yiuf.
Crazy Yiuf is lightly wounded.
You feel yourself speed up.
Crazy Yiuf hits you with a quarterstaff of chaos.
* * * LOW HITPOINT WARNING * * *
You are lethally poisoned!
You hit Crazy Yiuf but do no damage. Your headbutt misses Crazy Yiuf.
Crazy Yiuf is lightly wounded.
* * * LOW HITPOINT WARNING * * *
You feel sick.
Crazy Yiuf hits you with a quarterstaff of chaos!
* * * LOW HITPOINT WARNING * * *
Crazy Yiuf freezes you.
You die...

#....# #.###
#..... ♣....♣
#...# ######
♣...♣♣ ###.# ♣♣.♣♣
###.## ♣.♣♣ #....#
♣♣.♣ #....# ♣.♣♣
#....# ♣♣.♣ #....#
#@# #....# #.g.#
#....####### #...#
#......÷.... #..)#
#....####### #####
###### # # ### #
#.################
#.................


You could see Crazy Yiuf.

Vanquished Creatures
  A crimson imp (D:2)
  Natasha (twice) (D:2)
  An ooze (D:2)
  A worm (D:2)
  3 dart slugs (D:1)
  3 leopard geckos
  3 bats (D:1)
  2 giant cockroaches
  9 goblins
  4 hobgoblins
  5 jackals
  3 quokkas (D:2)
  A frilled lizard (D:2)
  10 kobolds
  2 rats
50 creatures vanquished.

Notes
Turn   | Place    | Note
-------+----------+-------------------------------------------
     0 | D:1      | Dietz the Draconian Transmuter began the quest for the Orb.
     0 | D:1      | Reached XP level 1. HP: 16/16 MP: 3/3
    79 | D:1      | Reached XP level 2. HP: 22/23 MP: 3/5
   672 | D:1      | Reached XP level 3. HP: 21/28 MP: 4/6
   862 | D:2      | Found an opulent altar of Gozag.
   865 | D:2      | Found a shattered altar of Ashenzari.
   875 | D:2      | Noticed Natasha
   881 | D:2      | Killed Natasha
   881 | D:2      | Reached XP level 4. HP: 28/35 MP: 5/7
  1295 | D:2      | Noticed Natasha
  1302 | D:2      | Killed Natasha
  1302 | D:2      | Reached XP level 5. HP: 21/40 MP: 6/8
  1579 | D:2      | Found a runed door.
  1583 | D:2      | Noticed Crazy Yiuf
  1590 | D:2      | HP: 2/40 [Crazy Yiuf/quarterstaff of chaos (7)]
  1590 | D:2      | Slain by Crazy Yiuf

Vault maps used:
D:1:      grunt_arrival_lava_bath
D:2:      grunt_temple_overflow_open, uniq_crazy_yiuf_cottage, uniq_natasha

Skill      XL: |  1  2  3  4 |
---------------+-------------+-----
Unarmed Combat | 4 |  4.6
Transmutations | 3 4 |  4.0
Fighting       | |  1.1
Dodging        | |  1.7
Spellcasting   | |  2.0

Action                   |  1- 3 |  4- 6 || total
-------------------------+-------+-------++-------
Melee: Unarmed           |    81 |    78 ||   159
       Kick              |     7 |     6 ||    13
       Headbutt          |     6 |     1 ||     7
       Tailslap          |     5 |    11 ||    16
       Punch             |     1 |     2 ||     3
 Cast: Beastly Appendage |    21 |    14 ||    35
 Stab: Sleeping          |       |     3 ||     3
  Eat: Chunk             |       |     2 ||     2
Armor: Skin              |    23 |    13 ||    36
Dodge: Dodged            |    48 |    38 ||    86

Table legend:
 A = Spawn XP
 B = Non-spawn XP
 C = Spawn XP percentage of total XP
 D = Spawn monster count
 E = Non-spawn monster count
 F = Spawn count percentage of total count
 G = Total turns spent on level
                    A         B        C        D         E        F      G
               +---------+---------+-------+---------+---------+-------+---------
         Total |       0 |     221 |   0.0 |       0 |      50 |   0.0 |  1590
               +---------+---------+-------+---------+---------+-------+---------
           D:1 |       0 |      51 |   0.0 |       0 |      25 |   0.0 |   836
           D:2 |       0 |     170 |   0.0 |       0 |      25 |   0.0 |   754
               +---------+---------+-------+---------+---------+-------+---------
